TOP OF THE 1ST |
New Amsterdam Dutchmen batting - Pitching for Montana Pandas : LHP Rust Cohle
|
Pitching: LHP Rust Cohle
|
|
Batting: RHB Jon Osterman
|
0-0: Called Strike 0-1: Ground out 6-3 (Groundball, 6S)
|
Batting: RHB John Burton
|
0-0: Called Strike 0-1: Foul Ball, location: 2F 0-2: Strikes out swinging
|
Batting: RHB Enrique Morales
|
0-0: Called Strike 0-1: Swinging Strike 0-2: Ball 1-2: Foul Ball, location: 2F 1-2: Foul Ball, location: 2F 1-2: SINGLE (Line Drive, 78S)
|
Batting: RHB António Pérez
|
0-0: Ball 1-0: Foul Ball, location: 2F 1-1: Ball 2-1: Hit by Pitch Enrique Morales to second
|
Batting: RHB Pablo Ledesma
|
0-0: Called Strike 0-1: Ball 1-1: Foul Ball, location: 2F 1-2: Foul Ball, location: 2F 1-2: Foul Ball, location: 2F 1-2: Foul Ball, location: 2F 1-2: Strikes out swinging
|
Top of the 1st over - 0 runs, 1 hit, 0 errors, 2 left on base; New Amsterdam 0 - Montana 0 |
BOTTOM OF THE 1ST |
Montana Pandas batting - Pitching for New Amsterdam Dutchmen : LHP Rusty Swanson
|
Pitching: LHP Rusty Swanson
|
|
Batting: RHB Pau Arria
|
0-0: Hit by Pitch
|
Batting: LHB Chris McKinney
|
0-0: Called Strike 0-1: Swinging Strike 0-2: Strikes out looking
|
Batting: LHB José León
|
0-0: Called Strike 0-1: Ball 1-1: Foul Ball, location: 2F 1-2: Strikes out swinging
|
Batting: LHB José Ruíz
|
0-0: Called Strike 0-1: Swinging Strike 0-2: Ball 1-2: SINGLE (Groundball, 13) (infield hit) Pau Arria to second
|
Batting: RHB John MacGregor
|
0-0: Ball 1-0: Ball 2-0: Fly out, F7 (Flyball, 7S)
|
Bottom of the 1st over - 0 runs, 1 hit, 0 errors, 2 left on base; New Amsterdam 0 - Montana 0 |
TOP OF THE 2ND |
New Amsterdam Dutchmen batting - Pitching for Montana Pandas : LHP Rust Cohle
|
Batting: LHB SaQwan Hackett
|
0-0: Called Strike 0-1: Called Strike 0-2: Ball 1-2: Single, Error in OF, E9, batter to second base
|
Batting: RHB Omar Schuler
|
0-0: Ball 1-0: Ball 2-0: Ground out 6-3 (Groundball, 6M) SaQwan Hackett to third
|
Batting: LHB Denis Jerningham
|
0-0: Swinging Strike 0-1: Ball 1-1: Foul Ball, location: 2F 1-2: Ground out 4-3 (Groundball, 4) SaQwan Hackett scores
|
Batting: LHB Cornelius Taitt
|
0-0: Swinging Strike 0-1: Foul Ball, location: 2F 0-2: Ball 1-2: Strikes out looking
|
Top of the 2nd over - 1 run, 1 hit, 1 error, 0 left on base; New Amsterdam 1 - Montana 0 |
BOTTOM OF THE 2ND |
Montana Pandas batting - Pitching for New Amsterdam Dutchmen : LHP Rusty Swanson
|
Batting: LHB Francisco Ornelas
|
0-0: Foul Ball, location: 2F 0-1: Ball 1-1: Ground out 6-3 (Groundball, 6D)
|
Batting: RHB Chris Costa
|
0-0: Ball 1-0: Ball 2-0: Ball 3-0: Called Strike 3-1: Base on Balls
|
Batting: LHB Roberto Fierro
|
0-0: Foul Ball, location: 2F 0-1: Swinging Strike 0-2: Foul Ball, location: 2F 0-2: Ball 1-2: Strikes out looking
|
Batting: RHB Russell Jackson
|
0-0: Ball 1-0: Foul Ball, location: 2F 1-1: Ball 2-1: Ball 3-1: Base on Balls Chris Costa to second
|
Batting: RHB Pau Arria
|
0-0: SINGLE (Groundball, 56D) Chris Costa to third Russell Jackson to second
|
Batting: LHB Chris McKinney
|
0-0: Called Strike 0-1: Ball 1-1: Foul Ball, location: 2F 1-2: Ball 2-2: Ball 3-2: Ground out 4-3 (Groundball, 34D)
|
Bottom of the 2nd over - 0 runs, 1 hit, 0 errors, 3 left on base; New Amsterdam 1 - Montana 0 |
TOP OF THE 3RD |
New Amsterdam Dutchmen batting - Pitching for Montana Pandas : LHP Rust Cohle
|
Batting: RHB Jon Osterman
|
0-0: Ball 1-0: Called Strike 1-1: Ball 2-1: Foul Ball, location: 2F 2-2: Strikes out looking
|
Batting: RHB John Burton
|
0-0: Ball 1-0: SOLO HOME RUN (Line Drive, 7LD), Distance : 346 ft
|
Batting: RHB Enrique Morales
|
0-0: Foul Ball, location: 2F 0-1: Ball 1-1: Ball 2-1: Called Strike 2-2: Ball 3-2: Foul Ball, location: 2F 3-2: SINGLE (Groundball, 56D)
|
Batting: RHB António Pérez
|
0-0: Grounds into double play, 6-4-3 (Groundball, 6D)
|
Top of the 3rd over - 1 run, 2 hits, 0 errors, 0 left on base; New Amsterdam 2 - Montana 0 |
BOTTOM OF THE 3RD |
Montana Pandas batting - Pitching for New Amsterdam Dutchmen : LHP Rusty Swanson
|
Batting: LHB José León
|
0-0: Ball 1-0: Ball 2-0: Foul Ball, location: 2F 2-1: Ball 3-1: Called Strike 3-2: Foul Ball, location: 2F 3-2: Base on Balls
|
Batting: LHB José Ruíz
|
0-0: Fly out, F8 (Line Drive, 8LD)
|
Batting: RHB John MacGregor
|
0-0: Called Strike 0-1: Foul Ball, location: 2F 0-2: Ball 1-2: Ball 2-2: Foul Ball, location: 2F 2-2: Ball 3-2: Base on Balls José León to second
|
Batting: LHB Francisco Ornelas
|
0-0: Ball 1-0: Called Strike 1-1: Ball 2-1: Foul Ball, location: 2F 2-2: Ball 3-2: 3-RUN HOME RUN (Flyball, 9D), Distance : 357 ft
|
Batting: RHB Chris Costa
|
0-0: Foul Ball, location: 2F 0-1: Ball 1-1: Ball 2-1: Ball 3-1: Called Strike 3-2: Strikes out swinging
|
Batting: LHB Roberto Fierro
|
0-0: Called Strike 0-1: Ball 1-1: Called Strike 1-2: Fly out, F8 (Line Drive, 78D)
|
Bottom of the 3rd over - 3 runs, 1 hit, 0 errors, 0 left on base; New Amsterdam 2 - Montana 3 |
TOP OF THE 4TH |
New Amsterdam Dutchmen batting - Pitching for Montana Pandas : LHP Rust Cohle
|
Batting: RHB Pablo Ledesma
|
0-0: Ball 1-0: SINGLE (Line Drive, 7LS)
|
Batting: LHB SaQwan Hackett
|
0-0: Ball 1-0: Called Strike 1-1: Called Strike 1-2: Strikes out swinging
|
Batting: RHB Omar Schuler
|
0-0: Called Strike 0-1: Ball 1-1: Ball 2-1: Ball 3-1: Called Strike 3-2: Fly out, F9 (Flyball, 9)
|
Batting: LHB Denis Jerningham
|
0-0: Ball 1-0: Ball 2-0: Ball 3-0: Called Strike 3-1: Base on Balls Pablo Ledesma to second
|
Batting: LHB Cornelius Taitt
|
0-0: Ball 1-0: 3-RUN HOME RUN (Flyball, 9D), Distance : 340 ft
|
Batting: RHB Jon Osterman
|
0-0: Called Strike 0-1: Foul Ball, location: 2F 0-2: Ball 1-2: Ground out 1-3 (Groundball, 13)
|
Top of the 4th over - 3 runs, 2 hits, 0 errors, 0 left on base; New Amsterdam 5 - Montana 3 |
BOTTOM OF THE 4TH |
Montana Pandas batting - Pitching for New Amsterdam Dutchmen : LHP Rusty Swanson
|
Batting: RHB Russell Jackson
|
0-0: Called Strike 0-1: Foul Ball, location: 2F 0-2: Ball 1-2: Strikes out looking
|
Batting: RHB Pau Arria
|
0-0: Ball 1-0: Ball 2-0: Fly out, F7 (Line Drive, 7D)
|
Batting: LHB Chris McKinney
|
0-0: Called Strike 0-1: Swinging Strike 0-2: Ball 1-2: Foul Ball, location: 2F 1-2: Ground out 4-3 (Groundball, 34)
|
Bottom of the 4th over - 0 runs, 0 hits, 0 errors, 0 left on base; New Amsterdam 5 - Montana 3 |
TOP OF THE 5TH |
New Amsterdam Dutchmen batting - Pitching for Montana Pandas : LHP Rust Cohle
|
Batting: RHB John Burton
|
0-0: Swinging Strike 0-1: Ball 1-1: Ball 2-1: Swinging Strike 2-2: Strikes out swinging
|
Batting: RHB Enrique Morales
|
0-0: Ball 1-0: Ball 2-0: SINGLE (Groundball, 6M) (infield hit)
|
Batting: RHB António Pérez
|
0-0: Foul Ball, location: 2F 0-1: Foul Ball, location: 2F 0-2: SINGLE (Groundball, 34D) Enrique Morales to second Runner from 2nd tries for 3rd, OUT!
|
Pitching: RHP Ash Wooden
|
|
Batting: RHB Pablo Ledesma
|
0-0: Ball António Pérez is caught stealing 2nd base
|
Top of the 5th over - 0 runs, 2 hits, 0 errors, 0 left on base; New Amsterdam 5 - Montana 3 |
BOTTOM OF THE 5TH |
Montana Pandas batting - Pitching for New Amsterdam Dutchmen : LHP Rusty Swanson
|
Now at 2B: David Pérez
|
|
Batting: LHB José León
|
0-0: Called Strike 0-1: Foul Ball, location: 2F 0-2: SINGLE (Line Drive, 89M)
|
Batting: LHB José Ruíz
|
0-0: Grounds out, U3 (Groundball, 3L)
|
Batting: RHB John MacGregor
|
0-0: Ball 1-0: Called Strike 1-1: Ball 2-1: Ball 3-1: Base on Balls
|
Batting: LHB Francisco Ornelas
|
0-0: Swinging Strike 0-1: Swinging Strike 0-2: Ball 1-2: Foul Ball, location: 2F 1-2: Foul Ball, location: 2F 1-2: Reached on error, E1 (Groundball, 15S) José León to third John MacGregor to second
|
Batting: RHB Chris Costa
|
0-0: Called Strike 0-1: SINGLE (Groundball, 6D) José León scores John MacGregor to third Francisco Ornelas to second Runner from 3rd tries for Home, SAFE, no throw
|
Batting: LHB Roberto Fierro
|
0-0: Called Strike 0-1: Foul Ball, location: 2F 0-2: Strikes out swinging
|
Batting: RHB Russell Jackson
|
0-0: Called Strike 0-1: Ball 1-1: Called Strike 1-2: Strikes out swinging
|
Bottom of the 5th over - 2 runs, 2 hits, 1 error, 2 left on base; New Amsterdam 5 - Montana 5 |
TOP OF THE 6TH |
New Amsterdam Dutchmen batting - Pitching for Montana Pandas : RHP Ash Wooden
|
Batting: RHB Pablo Ledesma
|
0-0: Called Strike 0-1: Ball 1-1: Foul Ball, location: 2F 1-2: Ball 2-2: Foul Ball, location: 2F 2-2: Ball 3-2: Foul Ball, location: 2F 3-2: SINGLE (Line Drive, 4D)
|
Pitching: LHP Morlack Spurgeon
|
|
Batting: LHB SaQwan Hackett
|
0-0: Swinging Strike 0-1: Called Strike 0-2: Ball 1-2: Strikes out swinging
|
Batting: RHB Omar Schuler
|
0-0: Called Strike 0-1: SINGLE (Flyball, 9S) Pablo Ledesma to second Runner from 2nd tries for 3rd, SAFE, no throw
|
Batting: LHB Denis Jerningham
|
0-0: Ball 1-0: Foul Ball, location: 2F 1-1: Ball 2-1: Ball 3-1: SINGLE (Groundball, 56) (infield hit) Pablo Ledesma scores Omar Schuler to second
|
Batting: LHB Cornelius Taitt
|
0-0: Called Strike 0-1: Ball 1-1: SINGLE (Flyball, 8LS) Omar Schuler to third Denis Jerningham to second Runner from 3rd tries for Home, SAFE, no throw
|
Pitching: RHP Raúl Luna
|
|
Batting: RHB Jon Osterman
|
0-0: Ball 1-0: Foul Ball, location: 2F 1-1: Swinging Strike 1-2: Foul Ball, location: 2F 1-2: Ball 2-2: Strikes out swinging
|
Batting: RHB John Burton
|
0-0: Ball 1-0: Swinging Strike 1-1: Foul Ball, location: 2F 1-2: Ball 2-2: Ball 3-2: Foul Ball, location: 2F 3-2: Strikes out swinging
|
Top of the 6th over - 2 runs, 4 hits, 0 errors, 2 left on base; New Amsterdam 7 - Montana 5 |
BOTTOM OF THE 6TH |
Montana Pandas batting - Pitching for New Amsterdam Dutchmen : LHP Rusty Swanson
|
Batting: RHB Pau Arria
|
0-0: Ball 1-0: SINGLE (Line Drive, 7S)
|
Batting: LHB Chris McKinney
|
0-0: Called Strike 0-1: Called Strike 0-2: 2-RUN HOME RUN (Flyball, 9LD), Distance : 329 ft
|
Pitching: RHP Ron Madison
|
|
Batting: LHB José León
|
0-0: Foul Ball, location: 2F 0-1: Swinging Strike 0-2: Ground out 4-3 (Groundball, 4)
|
Batting: LHB José Ruíz
|
0-0: Ball 1-0: Ground out 6-3 (Groundball, 6)
|
Batting: RHB John MacGregor
|
0-0: Foul Ball, location: 2F 0-1: Fly out, F8 (Flyball, 78D)
|
Bottom of the 6th over - 2 runs, 2 hits, 0 errors, 0 left on base; New Amsterdam 7 - Montana 7 |
TOP OF THE 7TH |
New Amsterdam Dutchmen batting - Pitching for Montana Pandas : RHP Raúl Luna
|
Pinch Hitting: LHB Eric Ward
|
0-0: Ball 1-0: Ball 2-0: Swinging Strike 2-1: Ground out 4-3 (Groundball, 4)
|
Batting: RHB António Pérez
|
0-0: Ball 1-0: Ball 2-0: SINGLE (Groundball, 56D)
|
Batting: RHB Pablo Ledesma
|
0-0: Ball 1-0: Swinging Strike 1-1: Ball 2-1: Called Strike 2-2: Strikes out swinging
|
Pitching: RHP José Caballero
|
|
Batting: LHB SaQwan Hackett
|
0-0: Foul Ball, location: 2F 0-1: Swinging Strike 0-2: Foul Ball, location: 2F 0-2: Ball 1-2: Ball 2-2: Strikes out looking
|
Top of the 7th over - 0 runs, 1 hit, 0 errors, 1 left on base; New Amsterdam 7 - Montana 7 |
BOTTOM OF THE 7TH |
Montana Pandas batting - Pitching for New Amsterdam Dutchmen : RHP Ron Madison
|
Now at 2B: Hank Wilder
|
|
Batting: LHB Francisco Ornelas
|
0-0: Ball 1-0: Called Strike 1-1: Called Strike 1-2: Ball 2-2: Foul Ball, location: 2F 2-2: Ball 3-2: Base on Balls
|
Pinch Hitting: LHB Ned Durand
|
0-0: Called Strike 0-1: Foul Ball, location: 2F 0-2: Strikes out looking
|
Batting: LHB Roberto Fierro
|
0-0: Ball 1-0: Ball 2-0: Ball 3-0: Base on Balls Francisco Ornelas to second
|
Batting: RHB Russell Jackson
|
0-0: Ball 1-0: Ball 2-0: Fly out, F9 (Flyball, 9S)
|
Pinch Hitting: LHB Enrique Ortega
|
0-0: Fielders Choice at 2nd, 5-4 (Groundball, 5)
|
Bottom of the 7th over - 0 runs, 0 hits, 0 errors, 2 left on base; New Amsterdam 7 - Montana 7 |
TOP OF THE 8TH |
New Amsterdam Dutchmen batting - Pitching for Montana Pandas : RHP José Caballero
|
Now at 2B: Enrique Ortega
|
|
Now at SS: Miguel Cruz
|
|
Batting: RHB Omar Schuler
|
0-0: Called Strike 0-1: Ball 1-1: Ground out 5-3 (Groundball, 56)
|
Batting: LHB Denis Jerningham
|
0-0: Called Strike 0-1: Foul Ball, location: 2F 0-2: Fly out, F4 (Line Drive, 4)
|
Batting: LHB Cornelius Taitt
|
0-0: Ball 1-0: Called Strike 1-1: Swinging Strike 1-2: Fly out, F8 (Flyball, 78S)
|
Top of the 8th over - 0 runs, 0 hits, 0 errors, 0 left on base; New Amsterdam 7 - Montana 7 |
BOTTOM OF THE 8TH |
Montana Pandas batting - Pitching for New Amsterdam Dutchmen : RHP Ron Madison
|
Batting: LHB Chris McKinney
|
0-0: Ball 1-0: Called Strike 1-1: Ball 2-1: Ground out 3-1 (Groundball, 34S)
|
Batting: LHB José León
|
0-0: Ball 1-0: Foul Ball, location: 2F 1-1: Ball 2-1: Ball 3-1: Foul Ball, location: 2F 3-2: Foul Ball, location: 2F 3-2: SOLO HOME RUN (Flyball, 9D), Distance : 349 ft
|
Batting: LHB José Ruíz
|
0-0: Swinging Strike 0-1: Called Strike 0-2: Ball 1-2: Ground out 6-3 (Groundball, 6)
|
Batting: RHB John MacGregor
|
0-0: Ground out 4-3 (Groundball, 4)
|
Bottom of the 8th over - 1 run, 1 hit, 0 errors, 0 left on base; New Amsterdam 7 - Montana 8 |
TOP OF THE 9TH |
New Amsterdam Dutchmen batting - Pitching for Montana Pandas : RHP José Caballero
|
Pitching: RHP Jeff Territt
|
|
Batting: RHB Jon Osterman
|
0-0: Ball 1-0: Called Strike 1-1: Swinging Strike 1-2: Ball 2-2: Strikes out looking
|
Batting: RHB John Burton
|
0-0: Called Strike 0-1: Swinging Strike 0-2: Ball 1-2: Foul Ball, location: 2F 1-2: Ball 2-2: Strikes out swinging
|
Batting: RHB Hank Wilder
|
0-0: Foul Ball, location: 2F 0-1: SINGLE (Groundball, 4MD)
|
Pinch Hitting: LHB Félix López
|
0-0: Swinging Strike 0-1: Ball 1-1: Ball 2-1: Foul Ball, location: 2F 2-2: Ground out 4-3 (Groundball, 4)
|
Top of the 9th over - 0 runs, 1 hit, 0 errors, 1 left on base; New Amsterdam 7 - Montana 8 |
|